 Dungeon Crawl Stone Soup version 0.31-a0-672-g7da72447bb (webtiles) character file.

Game seed: 11676421965923405161

4322 Joey1 the Severer (level 10, 0/81 HPs)
             Began as a Minotaur Fighter on Sept 4, 2023.
             Was an Elder of Okawaru.
             Slain by a polar bear (13 damage)
             ... on level 8 of the Dungeon.
             The game lasted 00:23:22 (7542 turns).

Joey1 the Severer (Minotaur Fighter)                Turns: 7542, Time: 00:23:23

Health: 0/81       AC: 14    Str: 25    XL:     10   Next: 11%
Magic:  9/9        EV:  8    Int:  5    God:    Okawaru [****..]
Gold:   322        SH:  5    Dex: 16    Spells: 9/9 levels left

rFire   + . .        D - +1 war axe (flame)
rCold   . . .        c - +0 buckler
rNeg    . . .        e - +0 plate armour
rPois   .            (helmet restricted)
rElec   .            n - +1 cloak
rCorr   .            f - +0 pair of gloves
SInv    .            (no boots)
Will    .....        (no amulet) Stlth
                     m - +6 ring of dexterity
HPRegen 0.33/turn    p - ring of protection from fire
MPRegen 0.11/turn

%: no passive effects
@: no status effects
A: horns 2, retaliatory headbutt
a: Renounce Religion, Heroism, Finesse


You were on level 8 of the Dungeon.
You worshipped Okawaru.
Okawaru was greatly pleased with you.
You visited 2 branches of the dungeon, and saw 9 of its levels.
You also visited: Sewer.

You collected 442 gold pieces.
You spent 120 gold pieces at shops.

Inventory:

Hand Weapons
 a - a +0 war axe
 v - a +0 spear
 D - a +1 war axe of flaming (weapon)
 G - a +5 morningstar
Missiles
 h - 3 throwing nets (quivered)
 B - 7 poisoned darts
Armour
 b - a +0 scale mail
 c - a +0 buckler (worn)
 e - a +0 plate armour (worn)
 f - a +0 pair of gloves (worn)
 n - a +1 cloak (worn)
 A - a +0 chain mail
Jewellery
 m - a +6 ring of dexterity (left hand)
 p - a ring of protection from fire (right hand)
 E - the ring "Heigg" {Fire rN+ Str+3}
   (You found it on level 6 of the Dungeon)

   [ring of fire]

   Fire:      It enhances your fire magic.
   Str+3:     It affects your strength (+3).
   rF+:       It protects you from fire.
   rC-:       It makes you vulnerable to cold.
   rN+:       It protects you from negative energy.
 H - an amulet of magic regeneration
 I - a ring of resist corrosion
Wands
 x - a wand of roots (29)
Scrolls
 g - a scroll of butterflies
 i - 2 scrolls of fog
 k - a scroll of blinking
 o - a scroll of immolation
 q - 3 scrolls of enchant armour
 r - a scroll of revelation
 t - 2 scrolls of teleportation
 y - a scroll of amnesia
 F - a scroll of vulnerability
Potions
 d - a potion of might
 j - a potion of brilliance {unknown}
 l - a potion of resistance {unknown}
 s - 2 potions of curing
 u - a potion of cancellation {unknown}
 w - a potion of magic {unknown}
 z - 2 potions of ambrosia
 C - a potion of lignification


   Skills:
 + Level 5.2 Fighting
 - Level 16.0 Axes
 - Level 3.6 Armour
 - Level 4.0 Dodging
 - Level 5.0 Shields


You had 9 spell levels left.
You didn't know any spells.
Your spell library contained the following spells:

 Spells                   Type           Power      Damage    Failure   Level
 Magic Dart               Conj           0%         1d3       100%        1
 Ignite Poison            Fire/Tmut/Pois 0%         N/A       100%        3
 Mephitic Cloud           Conj/Pois/Air  0%         N/A       100%        3
 Sticky Flame             Conj/Fire      0%         2d3       100%        4
 Ignition                 Fire           0%         3d3       100%        8
 Call Imp                 Summ           Unusable   N/A       N/A         2

Dungeon Overview and Level Annotations

Branches:
Dungeon (8/15)             Temple (1/1) D:4            Lair (0/5) D:8
  Sewer (visited)

Altars:
Ashenzari
Cheibriados
Dithmenos
Elyvilon
Fedhas
Gozag
Kikubaaqudgha
Makhleb
Nemelex Xobeh
Okawaru
Ru
Sif Muna
Trog
Uskayaw
Wu Jian
Xom
Yredelemnul
Zin
The Shining One

Shops:
D:5 !

Annotations:
D:7 Jeremiah


Innate Abilities, Weirdness & Mutations

You have a pair of horns on your head.
You reflexively headbutt those who attack you in melee.


Message History

The centaur completely misses you. You furiously retaliate!
You headbutt the centaur!
You kill the centaur!
Okawaru accepts your kill.
You closely miss the ice beast.
The ice beast is heavily wounded.
You slash the ice beast!
You melt the ice beast.
The ice beast hits you. The ice beast freezes you!
* * * LOW HITPOINT WARNING * * *
The ice beast closely misses you.
Unknown command.
You hit the ice beast.
You melt the ice beast.
You headbutt the ice beast!
The ice beast is almost dead.
You hit the ice beast but do no damage. The ice beast completely misses you.
You furiously retaliate!
You headbutt the ice beast!
The ice beast hits you but does no damage.
You barely miss the ice beast.
The ice beast is almost dead.
You slash the ice beast!
You melt the ice beast.
You kill the ice beast!
Okawaru accepts your kill.
The ice beast hits you but does no damage.
You closely miss the ice beast. Your headbutt misses the ice beast.
The ice beast is almost dead.
You slash the polar bear! You burn the polar bear. You slash the ice beast!
You melt the ice beast.
You kill the ice beast!
Okawaru accepts your kill.
You slash the polar bear! You burn the polar bear. The polar bear bites you.
* * * LOW HITPOINT WARNING * * *
The polar bear closely misses you.
The polar bear claws you but does no damage.
Training target 4.0 for Dodging reached!
Your Dodging skill increases to level 4!
You need to enable at least one skill for training.
You hit the polar bear but do no damage.
You headbutt the polar bear!
The polar bear is severely wounded.
The polar bear bites you!
You die...

... .>. ... ... .. ....
# ... ...
#.....###.####....
?..!.#c....#(#....
#...... ..........
#.....##h.#....~#
#.....@......#
##~..).......# #.
###.......##### #.
................ #.
######.#.#.###### #.
##.........# #.
#..#.####.# #.
#######.##.####.## #.
..........>.##...#####.


You could see a polar bear.

Vanquished Creatures
  The ghost of Artus the Insei, a novice OpSh of Ashenzari (D:6)
  A rime drake (D:8)
  A steam dragon (D:6)
  3 water moccasins
  An orc warrior (D:7)
  9 ice beasts
  Pargi (Sewer)
  A sky beast (D:6)
  A centaur (D:8)
  4 ogres
  3 phantoms
  A wolf (D:8)
  Blork the orc (D:6)
  A bullfrog (D:7)
  6 wights
  3 jellies
  2 orc priests (D:6)
  3 hounds (D:7)
  A water moccasin simulacrum (D:6)
  A gnoll bouda (D:5)
  Jessica (D:2)
  A scorpion zombie (D:3)
  Natasha (thrice) (D:3)
  4 orc wizards
  A bullfrog simulacrum (D:6)
  A centaur simulacrum (D:6)
  A hound zombie (D:3)
  Robin (D:2)
  10 gnolls
  9 adders
  3 white imps
  An ufetubus (D:5)
  2 worms (D:3)
  8 orcs
  6 bats
  8 endoplasms
  4 giant cockroaches
  11 hobgoblins
  6 jackals (D:3)
  6 quokkas
  10 ball pythons
  10 frilled lizards
  17 goblins
  8 kobolds
  6 rats
183 creatures vanquished.

Notes
Turn   | Place    | Note
-------+----------+-------------------------------------------
     0 | D:1      | Joey1 the Minotaur Fighter began the quest for the Orb.
     0 | D:1      | Reached XP level 1. HP: 19/19 MP: 0/0
   140 | D:1      | Reached XP level 2. HP: 27/27 MP: 1/1
   255 | D:1      | Reached skill level 3 in Axes
   257 | D:1      | Reached XP level 3. HP: 24/33 MP: 2/2
   662 | D:2      | Noticed Jessica
   671 | D:2      | Killed Jessica
   782 | D:2      | Reached XP level 4. HP: 38/41 MP: 3/3
   812 | D:2      | Found a basalt altar of Yredelemnul.
  1163 | D:2      | Noticed Robin
  1190 | D:2      | Killed Robin
  1191 | D:2      | Reached skill level 4 in Axes
  1555 | D:3      | Reached skill level 5 in Fighting
  1592 | D:3      | Reached XP level 5. HP: 46/48 MP: 4/4
  1640 | D:3      | Reached skill level 5 in Shields
  1676 | D:3      | Found a basalt altar of Yredelemnul.
  1811 | D:3      | Found a faded altar of an unknown god.
  1871 | D:3      | Found a bloodstained altar of Trog.
  1897 | D:3      | Reached skill level 5 in Axes
  2079 | D:3      | Found a snail-covered altar of Cheibriados.
  2351 | D:3      | Noticed Natasha
  2356 | D:3      | Killed Natasha
  2610 | D:3      | Found a faded altar of an unknown god.
  2727 | D:3      | Found a basalt altar of Yredelemnul.
  3069 | D:3      | Noticed Natasha
  3070 | D:3      | Found a snail-covered altar of Cheibriados.
  3076 | D:3      | Killed Natasha
  3077 | D:3      | Reached skill level 6 in Axes
  3077 | D:3      | Reached XP level 6. HP: 49/56 MP: 5/5
  3434 | D:3      | Noticed Natasha
  3442 | D:3      | Killed Natasha
  3784 | D:4      | Reached skill level 7 in Axes
  3807 | D:4      | Found a glowing drain.
  3811 | Sewer    | Entered a sewer
  3823 | Sewer    | Noticed Pargi
  3829 | Sewer    | Killed Pargi
  3973 | Sewer    | Reached XP level 7. HP: 61/61 MP: 6/6
  4075 | D:4      | Reached skill level 8 in Axes
  4106 | D:4      | Found a staircase to the Ecumenical Temple.
  4124 | Temple   | Entered the Ecumenical Temple
  4129 | Temple   | Became a worshipper of Warmaster Okawaru
  4508 | D:5      | Entered Level 5 of the Dungeon
  4684 | D:5      | Reached skill level 9 in Axes
  4979 | D:5      | Reached skill level 10 in Axes
  5099 | D:5      | Reached XP level 8. HP: 62/68 MP: 7/7
  5283 | D:5      | Found Seddep's Distillery.
  5286 | D:5      | Bought a potion of lignification for 30 gold pieces
  5286 | D:5      | Bought a potion of curing for 30 gold pieces
  5286 | D:5      | Bought a potion of degeneration for 10 gold pieces
  5429 | D:6      | Reached * piety under Okawaru
  5542 | D:6      | Reached skill level 11 in Axes
  5865 | D:6      | Found a runed translucent gate.
  5865 | D:6      | Found a runed translucent gate.
  5865 | D:6      | Found a runed translucent gate.
  5889 | D:6      | Reached skill level 12 in Axes
  6288 | D:6      | Reached ** piety under Okawaru
  6378 | D:6      | Noticed Blork the orc
  6386 | D:6      | Found a shimmering blue altar of Sif Muna.
  6491 | D:6      | Killed Blork the orc
  6521 | D:5      | Bought a potion of enlightenment for 50 gold pieces
  6581 | D:6      | Reached skill level 13 in Axes
  6599 | D:6      | Reached XP level 9. HP: 74/74 MP: 8/8
  6607 | D:6      | Noticed Artus's ghost (novice OpSh)
  6623 | D:6      | Killed Artus's ghost
  6623 | D:6      | Reached *** piety under Okawaru
  6624 | D:6      | Reached skill level 14 in Axes
  6647 | D:6      | Got the ring "Heigg" {Fire rN+ Str+3}
  6979 | D:7      | Found an ancient bone altar of Kikubaaqudgha.
  7030 | D:7      | Found a burning altar of Makhleb.
  7053 | D:7      | Reached skill level 15 in Axes
  7053 | D:7      | Found a shadowy altar of Dithmenos.
  7173 | D:7      | Noticed Jeremiah
  7183 | D:7      | Found a sacrificial altar of Ru.
  7487 | D:8      | Reached skill level 1 in Dodging
  7503 | D:8      | Reached **** piety under Okawaru
  7515 | D:8      | Noticed a rime drake
  7518 | D:8      | Found a staircase to the Lair.
  7522 | D:8      | Killed a rime drake
  7523 | D:8      | Reached XP level 10. HP: 62/81 MP: 9/9
  7535 | D:8      | Reached skill level 16 in Axes
  7542 | D:8      | Slain by a polar bear

Illustrated notes

Levels and vault maps discovered:
D:1:      eino_arrival_water_star, layout_basic
D:2:      layout_basic, basic_altar, uniq_robin, uniq_jessica
D:3:      layout_loops_corners, lemuel_zombie_altar_yredelemnul, slow_altar_1,
          general_overflow_altar, basic_ecumenical_altar, uniq_natasha
D:4:      nicolae_cairo_tiling_large_dashed, layout_basic,
          minmay_temple_entry_offerings, gup_sewer_entry_bowl
D:5:      layout_basic, serial_shops, nicolae_shop_tiny_real_fake_doors,
          minivault_25
D:6:      layout_loops_ring, tgw_sif, gammafunk_ghost_icy, hangedman_glass_teeth
D:7:      layout_gridville, hangedman_ru_absence, mainiacjoe_overflow_chevrons,
          grunt_qazlal_clouds, makhleb_heckhound_becter, kennysheep_little_box,
          grunt_decor_fettered, hangedman_abyss_or_decor_passed, uniq_jeremiah
D:8:      layout_loops_ring, nicolae_vehumet_radiance, hellmonk_lair_entry_icy
Temple:   minmay_freezing_vapour_temple

Skill      XL: |  1  2  3  4  5  6  7  8  9 10 |
---------------+-------------------------------+-----
Fighting       | 4 5 |  5.2
Shields        | 4 5 |  5.0
Axes           | 3 4 6 7 10 13 15 16 | 16.0
Dodging        | 3 4 |  4.0
Armour         | |  3.6

Action                     |  1- 3 |  4- 6 |  7- 9 | 10-12 || total
---------------------------+-------+-------+-------+-------++-------
  Melee: War axe           |    58 |   157 |   201 |    16 ||   432
         Headbutt          |     6 |    21 |    41 |     4 ||    72
         Spear             |       |       |    21 |       ||    21
  Throw: Throwing net      |       |     1 |       |       ||     1
    Use: Scroll            |       |       |    10 |       ||    10
         Potion            |       |       |     1 |       ||     1
 Armour: Scale mail        |    39 |   102 |    21 |       ||   162
         Chain mail        |       |       |    31 |       ||    31
         Plate armour      |       |       |    79 |    16 ||    95
  Dodge: Dodged            |    20 |    70 |    59 |    10 ||   159
  Block: Buckler           |    13 |    33 |    33 |     1 ||    80

Table legend: (Time is in decaauts)
 A = Elapsed time spent in this place.
 B = Non-inter-level travel time spent in this place.
 C = Inter-level travel time spent in this place.
 D = Time resting spent in this place.
 E = Time spent auto-exploring this place.
 F = Levels seen in this place.
 G = Mean time per level.
                   A        B        C        D        E       F      G
               +--------+--------+--------+--------+--------+-----+--------+
         Total |   7590 |   7045 |    545 |    525 |   4898 |  10 |  759.0 |
       Dungeon |   7381 |   6844 |    537 |    525 |   4757 |   8 |  922.6 |
        Temple |     10 |      2 |      8 |      0 |      0 |   1 |   10.0 |
         Sewer |    199 |    199 |      0 |      0 |    141 |   1 |  199.0 |
               +--------+--------+--------+--------+--------+-----+--------+

Top non-repeatable levels by time:
     D:3: 2156 daAuts
     D:6: 1317 daAuts
     D:5: 878 daAuts
     D:2: 868 daAuts
     D:4: 862 daAuts
     D:1: 623 daAuts
     D:7: 600 daAuts
   Sewer: 199 daAuts
     D:8: 73 daAuts
  Temple: 10 daAuts
